 Dungeon Crawl Stone Soup version 0.28-a0-1382-g92835e5c71 (webtiles) character file.

Game seed: 5000207338904633693

3635 fiver49 the Grappler (level 9, -3/59 HPs)
             Began as a Demonspawn Wanderer on Jan 1, 2022.
             Was a Believer of Qazlal.
             Slain by Harold (15 damage)
             ... on level 8 of the Dungeon.
             The game lasted 00:21:50 (8351 turns).

fiver49 the Grappler (Demonspawn Wanderer)          Turns: 8351, Time: 00:21:50

Health: -3/59      AC: 11    Str: 18    XL:     9   Next: 87%
Magic:  0/9        EV: 10    Int: 11    God:    Qazlal [**....]
Gold:   284        SH:  8    Dex: 14    Spells: 8/8 levels left

rFire   + . .      SeeInvis .     - Unarmed
rCold   . . .      Faith    .   c - +0 buckler
rNeg    . . .      Spirit   +   G - +0 swamp dragon scales
rPois   +          Reflect  .   t - +0 helmet
rElec   .          Harm     .   (no cloak)
rCorr   .          Rampage  .   (no gloves)
Will    +....                   B - +0 pair of boots
Stlth   +.........              (no amulet)
HPRegen 0.19/turn               n - ring of willpower
MPRegen 0.22/turn               h - ring of protection from fire

@: marked
A: claws 2, yellow scales 1, spiny 2, magic shield, magic regeneration
a: Renounce Religion, Upheaval


You were on level 8 of the Dungeon.
You worshipped Qazlal.
Qazlal was pleased with you.
You visited 1 branch of the dungeon, and saw 8 of its levels.
You also visited: Bailey.

You collected 284 gold pieces.

Inventory:

Hand Weapons
 a - a +2 mace
 E - a +2 whip of flaming
Missiles
 e - 17 poisoned darts (quivered)
 x - 8 boomerangs
 K - 3 javelins
Armour
 c - a +0 buckler (worn)
 t - a +0 helmet (worn)
 B - a +0 pair of boots (worn)
 G - +0 swamp dragon scales (worn)
Jewellery
 h - a ring of protection from fire (right claw)
 k - an amulet of faith
 n - a ring of willpower (left claw)
 o - an amulet of guardian spirit
 s - a ring of poison resistance
 A - a +6 ring of intelligence
Wands
 D - a wand of acid (10)
 L - a wand of mindburst (9)
Scrolls
 b - 4 scrolls of fog
 j - a scroll of blinking {unknown}
 l - 2 scrolls of amnesia {unknown}
 m - 2 scrolls of holy word
 p - 2 scrolls of enchant weapon {unknown}
 r - a scroll of teleportation
 u - 3 scrolls of identify {unknown}
 w - a scroll of enchant armour {unknown}
 F - 2 scrolls of immolation {unknown}
 J - a scroll of summoning {unknown}
Potions
 f - a potion of cancellation {unknown}
 g - 5 potions of attraction {unknown}
 i - 6 potions of curing
 v - 2 potions of haste {unknown}
 z - a potion of heal wounds {unknown}
 C - a potion of flight {unknown}
 H - a potion of ambrosia {unknown}
 I - a potion of lignification {unknown}
 M - a potion of magic {unknown}


   Skills:
 - Level 1.0 Fighting
 - Level 3.5 Maces & Flails
 - Level 2.0 Stealth
 - Level 3.0 Shields
 + Level 12.6 Unarmed Combat


You had 8 spell levels left.
You didn't know any spells.
Your spell library was empty.

Dungeon Overview and Level Annotations

Branches:
Dungeon (8/15)             Temple (0/1) D:5          Bailey (visited)
   Lair: D:8-11

Altars:
Ashenzari
Fedhas
Hepliaklqana
Nemelex Xobeh
Okawaru
Qazlal
Trog

Annotations:
D:8 Harold


Innate Abilities, Weirdness & Mutations

You have very sharp fingernails.
You are partially covered in yellow scales. (AC +2)
You are mostly covered in sharp spines.
When hurt, damage is shared between your health and your magic reserves.
You regenerate magic rapidly.


Message History

Harold is heavily wounded.
Harold casts a spell at you.
You barely resist. You scratch Harold but do no damage.
Harold is heavily wounded.
Harold barely misses you.
You scratch Harold but do no damage.
Harold is heavily wounded.
You block Harold's attack.
You claw Harold!
Harold is heavily wounded.
You claw Harold!
Harold is severely wounded.
Harold points at you and mumbles some strange words.
You barely resist. You scratch Harold.
Harold is severely wounded.
Harold is struck by your spines.
Harold hits you with a +4 mace of protection!
You are too injured to fight recklessly!
You are too injured to fight recklessly!
You are too injured to fight recklessly!
You scratch Harold but do no damage.
Harold is severely wounded.
Harold hits you with a +4 mace of protection!
* * * LOW HITPOINT WARNING * * *
You closely miss Harold.
Harold is severely wounded.
Harold points at you and mumbles some strange words.
A sentinel's mark forms upon you.
You closely miss Harold.
Harold is severely wounded.
You scratch Harold.
Harold is almost dead.
Harold hits you with a +4 mace of protection.
* * * LOW HITPOINT WARNING * * *
You claw Harold!
Harold is almost dead.
Harold hits you with a +4 mace of protection!!
You die...

...##.≈.≈.. ...##
.....≈≈_.≈##....#
......≈≈≈.......#
.....≈.≈........#
.........<.......
#........###....
##.....### #
#..##§.# #. #@.#
# ##@# ..# #...
..## .## .. .


You could see Harold.

Vanquished Creatures
  A two-headed ogre (D:5)
  Pikel (D:5)
  Maggie (D:5)
  Sigmund (D:3)
  A wyvern (D:7)
  A steam dragon (D:6)
  A water moccasin (D:5)
  An ice beast (D:7)
  A black bear (D:5)
  A necrophage (D:6)
  2 sky beasts (D:5)
  2 ogres
  A centaur (D:5)
  A kobold brigand (D:6)
  Blork the orc (D:6)
  2 scorpions
  A water moccasin zombie (D:7)
  A centaur zombie (D:7)
  A bullfrog zombie (D:7)
  A hound (D:5)
  3 jellies
  An orc priest (D:3)
  5 iguanas
  5 orc wizards
  2 hound zombies (D:5)
  A howler monkey zombie (D:7)
  7 gnolls (D:5)
  11 adders
  An adder skeleton (D:4)
  3 worms (D:2)
  5 dart slugs
  21 orcs
  12 ball pythons
  10 endoplasms
  3 giant cockroaches
  9 hobgoblins
  5 jackals
  2 quokkas (D:2)
  4 bats
  4 frilled lizards
  8 goblins
  13 kobolds
  9 orc zombies (Bailey)
  2 rats
169 creatures vanquished.

Notes
Turn   | Place    | Note
-------+----------+-------------------------------------------
     0 | D:1      | fiver49 the Demonspawn Wanderer began the quest for the
                  | Orb.
     0 | D:1      | fiver49 set off with the following items: a +2 mace, a
                  | scroll of fog, a +0 buckler, a +0 leather armour
     0 | D:1      | Reached XP level 1. HP: 15/15 MP: 1/1
   499 | D:1      | Found a stormy altar of Qazlal.
   517 | D:1      | Became a worshipper of Qazlal Stormbringer
   598 | D:1      | Gained mutation: You have sharp fingernails. [demonic
                  | ancestry]
   598 | D:1      | Reached XP level 2. HP: 17/21 MP: 2/2
  1350 | D:1      | Gained mutation: You have very sharp fingernails. [demonic
                  | ancestry]
  1350 | D:1      | Reached XP level 3. HP: 25/26 MP: 3/3
  1553 | D:1      | Found a faded altar of an unknown god.
  2045 | D:2      | Reached skill level 2 in Unarmed Combat
  2155 | D:2      | Reached * piety under Qazlal
  2156 | D:2      | Gained mutation: You are partially covered in yellow
                  | scales. (AC +2) [demonic ancestry]
  2156 | D:2      | Reached XP level 4. HP: 32/32 MP: 4/4
  2408 | D:2      | Reached skill level 3 in Unarmed Combat
  3124 | D:3      | Reached XP level 5. HP: 35/37 MP: 5/5
  3175 | D:3      | Noticed Sigmund
  3189 | D:3      | Killed Sigmund
  3190 | D:3      | Reached skill level 4 in Unarmed Combat
  3190 | D:3      | Gained mutation: You are partially covered in sharp spines.
                  | [demonic ancestry]
  3190 | D:3      | Reached XP level 6. HP: 31/43 MP: 6/6
  3310 | D:3      | Reached skill level 5 in Unarmed Combat
  3497 | D:3      | Reached ** piety under Qazlal
  3630 | D:3      | Found a hazy altar of Hepliaklqana.
  4207 | D:4      | Reached skill level 6 in Unarmed Combat
  4301 | D:4      | Found a sparkling altar of Nemelex Xobeh.
  4373 | D:4      | Gained mutation: You regenerate magic rapidly. [demonic
                  | ancestry]
  4373 | D:4      | Reached XP level 7. HP: 46/48 MP: 7/7
  4798 | D:5      | Entered Level 5 of the Dungeon
  4798 | D:5      | Found a staircase to the Ecumenical Temple.
  4990 | D:5      | Reached skill level 7 in Unarmed Combat
  5158 | D:5      | Identified the +0 leather armour "Echuun" {Int+4}
  5212 | D:5      | Reached skill level 8 in Unarmed Combat
  5212 | D:5      | Gained mutation: You are mostly covered in sharp spines.
                  | [demonic ancestry]
  5212 | D:5      | Reached XP level 8. HP: 47/54 MP: 8/8
  5476 | D:5      | Noticed a two-headed ogre
  6283 | D:6      | Noticed Pikel
  6292 | D:5      | Killed Pikel
  6293 | D:5      | Reached skill level 9 in Unarmed Combat
  6448 | D:6      | Reached skill level 10 in Unarmed Combat
  6453 | D:6      | Noticed Maggie
  6480 | D:5      | Killed a two-headed ogre
  6481 | D:5      | Reached skill level 11 in Unarmed Combat
  6481 | D:5      | Gained mutation: When hurt, damage is shared between your
                  | health and your magic reserves. [demonic ancestry]
  6481 | D:5      | Reached XP level 9. HP: 56/59 MP: 6/9
  6619 | D:5      | Killed Maggie
  7130 | D:6      | Noticed Blork the orc
  7254 | D:6      | Reached skill level 12 in Unarmed Combat
  7319 | D:6      | Found an iron altar of Okawaru.
  7405 | D:6      | Killed Blork the orc
  7542 | D:7      | Found a broken altar of Ashenzari.
  7568 | D:7      | Reached *** piety under Qazlal
  7705 | D:7      | Found a flagged portal.
  7710 | D:7      | Identified the +0 robe of the Flute {rElec rF- Regen+
                  | Stlth+}
  7759 | Bailey   | Entered a bailey
  7952 | Bailey   | Noticed a gargoyle
  8219 | D:7      | Found a bloodstained altar of Trog.
  8321 | D:8      | Found a blossoming altar of Fedhas.
  8327 | D:8      | Noticed Harold
  8351 | D:8      | Slain by Harold

Illustrated notes

Levels and vault maps discovered:
D:1:      onia_arrival_pentagram, layout_loops_corners,
          hellmonk_ecumenical_altar_slurped_away, kennysheep_flooded_box,
          solitary_fountain, minmay_tetromino_o4
D:2:      layout_loops_corners, kennysheep_generic_room_4
D:3:      layout_basic, amcnicky_altar_gilded, st_stairs_10,
          kennysheep_crisscross, minivault_25, uniq_sigmund
D:4:      layout_gridville, kennysheep_mini_moat, corexii_hall_statues_s
D:5:      layout_rooms, minmay_temple_entry_slanted
D:6:      layout_basic, kennysheep_okawaru_gauntlet, kennysheep_generic_room_13,
          uniq_maggie, uniq_blork_the_orc, uniq_pikel
D:7:      layout_basic, mainiacjoe_overflow_small_starburst,
          nicolae_overflow_hidden_temple, enter_bailey_2
D:8:      layout_layer_cave, fedhas_altar_2, uniq_harold

Skill      XL: |  1  2  3  4  5  6  7  8  9 |
---------------+----------------------------+-----
Stealth        | 2 |  2.0
Maces & Flails | 3 |  3.5
Shields        | 3 |  3.0
Unarmed Combat | 2 3 4 6 8 11 12 | 12.6
Fighting       | |  1.0

Action                   |  1- 3 |  4- 6 |  7- 9 || total
-------------------------+-------+-------+-------++-------
Melee: Mace              |    57 |       |       ||    57
       Unarmed           |    47 |   165 |   248 ||   460
Throw: Dart              |    33 |    31 |    62 ||   126
       Boomerang         |       |       |     9 ||     9
Invok: Upheaval          |       |       |     5 ||     5
  Use: Scroll            |       |       |     2 ||     2
Armor: Leather armour    |    32 |       |       ||    32
       Scale mail        |     2 |    46 |    47 ||    95
       Swamp dragon scal |       |       |    29 ||    29
Dodge: Dodged            |    44 |    26 |    61 ||   131
Block: Buckler           |    18 |    37 |    82 ||   137

Table legend: (Time is in decaauts)
 A = Elapsed time spent in this place.
 B = Non-inter-level travel time spent in this place.
 C = Inter-level travel time spent in this place.
 D = Time resting spent in this place.
 E = Time spent auto-exploring this place.
 F = Levels seen in this place.
 G = Mean time per level.
                   A        B        C        D        E       F      G
               +--------+--------+--------+--------+--------+-----+--------+
         Total |   8327 |   8077 |    250 |    974 |   5205 |   9 |  925.2 |
       Dungeon |   8099 |   7849 |    250 |    900 |   5205 |   8 | 1012.4 |
        Bailey |    227 |    227 |      0 |     74 |      0 |   1 |  227.0 |
               +--------+--------+--------+--------+--------+-----+--------+

Top non-repeatable levels by time:
     D:5: 1778 daAuts
     D:1: 1733 daAuts
     D:2: 1344 daAuts
     D:3: 1125 daAuts
     D:6: 806 daAuts
     D:4: 687 daAuts
     D:7: 597 daAuts
  Bailey: 227 daAuts
     D:8: 25 daAuts
